 Dungeon Crawl Stone Soup version 0.30-a0-297-g0ec75d9ef4 (webtiles) character file.

Game seed: 5833894419966411860

21 purpskrrrp the Shooter (level 2, -1/23 HPs)
             Began as a Barachi Hunter on Oct 18, 2022.
             Slain by Terence
             ... wielding a +2 trident of freezing
              (10 damage)
             ... on level 2 of the Dungeon.
             The game lasted 00:01:31 (932 turns).

purpskrrrp the Shooter (Barachi Hunter)              Turns: 932, Time: 00:01:32

Health: -1/23      AC:  4    Str: 12    XL:     2   Next: 83%
Magic:  2/2        EV: 12    Int:  9    God:
Gold:   37         SH:  0    Dex: 15    Spells: 1/1 levels left

rFire   . . .      SeeInvis .    a - +0 shortbow
rCold   . . .      Faith    .    (shield currently unavailable)
rNeg    . . .      Spirit   .    c - +1 leather armour
rPois   .          Reflect  .    (no helmet)
rElec   .          Harm     .    (no cloak)
rCorr   .          Rampage  .    (no gloves)
Will    .....                    (no boots)
Stlth   ++........               (no amulet)
HPRegen 0.23/turn                (no ring)
MPRegen 0.08/turn                (no ring)

@: unable to hop, slow
A: amphibious, slowness 1, strong legs 1, +LOS
a: Hop


You were on level 2 of the Dungeon.
You visited 1 branch of the dungeon, and saw 2 of its levels.

You collected 37 gold pieces.

Inventory:

Hand Weapons
 a - a +0 shortbow (weapon)
Armour
 c - a +1 leather armour (worn)
Scrolls
 b - 2 scrolls of immolation
Potions
 d - a potion of cancellation {unknown}
 g - 3 potions of curing
 h - 2 potions of brilliance {unknown}


   Skills:
 - Level 2.4 Fighting
 * Level 4.5 Ranged Weapons
 - Level 2.1 Dodging
 + Level 1.5 Stealth


You had one spell level left.
You didn't know any spells.
Your spell library was empty.

Dungeon Overview and Level Annotations

Branches:
Dungeon (2/15)

Altars:

Annotations:
D:2 Terence


Innate Abilities, Weirdness & Mutations

You are amphibious.
You cover ground slowly.
You can hop short distances.
You have an extended range of vision and can be seen from far away.


Message History

Done waiting.
There is a stone staircase leading down here.
You climb downwards.
Found a gold piece.
There is a stone staircase leading up here.
You shoot an arrow. The arrow hits Terence.
Terence shouts!
Terence is moderately wounded.
Terence barely misses you.
You shoot an arrow. The arrow hits Terence.
Terence is heavily wounded.
Terence hits you with a +2 trident of freezing!
Terence freezes you.
You are too injured to fight recklessly!
You are too injured to fight recklessly!
You are too injured to fight recklessly!
You are too injured to fight recklessly!
You are too injured to fight recklessly!
You are too injured to fight recklessly!
You are too injured to fight recklessly!
You are too injured to fight recklessly!
You are too injured to fight recklessly!
You are too injured to fight recklessly!
You are too injured to fight recklessly!
You are too injured to fight recklessly!
You are too injured to fight recklessly!
You are too injured to fight recklessly!
You are too injured to fight recklessly!
You are too injured to fight recklessly!
You are too injured to fight recklessly!
Hop to where?
Press: ? - help, Q - select action, (/) - cycle Dir - move target, f - you, p - Terence
Okay, then.
Unknown command.
Hop to where?
Press: ? - help, Q - select action, (/) - cycle Dir - move target Boing!
Your legs are too worn out to hop.
Terence hits you with a +2 trident of freezing!
You die...

##### #.#.#
#.#.######..
#.@@........
#.............
#.###.#####...
... #.# . ##.
..# #. ... #
.## #. ..


You could see Terence.

Vanquished Creatures
  3 ball pythons (D:1)
  4 endoplasms (D:1)
  2 giant cockroaches (D:1)
  2 hobgoblins (D:1)
  3 kobolds (D:1)
  A quokka (D:1)
  A bat (D:1)
  2 rats (D:1)
18 creatures vanquished.

Notes
Turn   | Place    | Note
-------+----------+-------------------------------------------
     0 | D:1      | purpskrrrp the Barachi Hunter began the quest for the Orb.
     0 | D:1      | Reached XP level 1. HP: 17/17 MP: 1/1
    46 | D:1      | Reached skill level 1 in Stealth
   239 | D:1      | Reached XP level 2. HP: 23/23 MP: 2/2
   928 | D:2      | Noticed Terence
   932 | D:2      | Slain by Terence

Illustrated notes

Levels and vault maps discovered:
D:1:      lightli_arrival_statuegarden, layout_loops_corners
D:2:      layout_loops_ring, ebering_ecumenical_altar_webs,
          kennysheep_cross_bottleneck, corexii_hall_statues_i, minivault_24,
          uniq_jessica, uniq_terence

Skill      XL: |  1 |
---------------+----+-----
Stealth        | 1 |  1.5
Fighting       | |  2.4
Ranged Weapons | |  4.5
Dodging        | |  2.1

Action                   || total
-------------------------++-------
 Fire: Shortbow          ||    56
 Abil: Hop               ||     1
  Use: Scroll            ||     4
Armor: Leather armour    ||     5
Dodge: Dodged            ||    21

Table legend: (Time is in decaauts)
 A = Elapsed time spent in this place.
 B = Non-inter-level travel time spent in this place.
 C = Inter-level travel time spent in this place.
 D = Time resting spent in this place.
 E = Time spent auto-exploring this place.
 F = Levels seen in this place.
 G = Mean time per level.
                   A        B        C        D        E       F      G
               +--------+--------+--------+--------+--------+-----+--------+
         Total |   1087 |   1083 |      4 |    133 |    823 |   2 |  543.5 |
       Dungeon |   1087 |   1083 |      4 |    133 |    823 |   2 |  543.5 |
               +--------+--------+--------+--------+--------+-----+--------+

Top non-repeatable levels by time:
     D:1: 1082 daAuts
     D:2: 4 daAuts
